 Dungeon Crawl Stone Soup version 0.31-a0-344-gd109795599 (webtiles) character file.

Game seed: 4395998273626246045

25 AdnanSaban the Shield-Bearer (level 3, 0/23 HPs)
             Began as a Gargoyle Fighter on July 22, 2023.
             Slain by a worm (5 damage)
             ... on level 2 of the Dungeon.
             The game lasted 00:01:07 (897 turns).

AdnanSaban the Shield-Bearer (Gargoyle Fighter)      Turns: 897, Time: 00:01:08

Health: 0/23       AC: 10    Str: 19    XL:     3   Next: 6%
Magic:  3/3        EV:  9    Int:  8    God:
Gold:   49         SH:  4    Dex: 11    Spells: 2/2 levels left

rFire   . . .        a - +0 flail
rCold   . . .        c - +0 buckler
rNeg    + . .        b - +0 scale mail
rPois   ∞            (no helmet)
rElec   +            (no cloak)
rCorr   .            (no gloves)
SInv    .            (no boots)
Will    .....        f - amulet of regeneration Stlth
                     (no ring)
HPRegen 1.03/turn    (no ring)
MPRegen 0.08/turn

%: no passive effects
@: no status effects
A: sickness immunity, AC +3, negative energy resistance 1, electricity
resistance, torment resistance 1, petrification resistance
a: no special abilities


You were on level 2 of the Dungeon.
You visited 1 branch of the dungeon, and saw 2 of its levels.

You collected 49 gold pieces.

Inventory:

Hand Weapons
 a - a +0 flail (weapon)
Armour
 b - a +0 scale mail (worn)
 c - a +0 buckler (worn)
Jewellery
 f - an amulet of regeneration (around neck)
 k - a ring of ice
Scrolls
 g - a scroll of teleportation {unknown}
 h - a scroll of poison {unknown}
 j - a scroll of brand weapon {unknown}
Potions
 d - 3 potions of might
 e - a potion of degeneration {unknown}
 i - a potion of berserk rage {unknown}


   Skills:
 + Level 3.5 Fighting
 + Level 2.4 Maces & Flails
 + Level 3.5 Armour
 + Level 0.1 Dodging
 + Level 3.6 Shields


You had 2 spell levels left.
You didn't know any spells.
Your spell library contained the following spells:

 Spells                   Type           Power      Damage    Failure   Level
 Sting                    Tmut/Pois      0%         1d3       85%         1
 Poisonous Vapours        Pois/Air       0%         N/A       94%         2
 Olgreb's Toxic Radiance  Pois           0%         N/A       100%        4


Dungeon Overview and Level Annotations

Branches:
Dungeon (2/15)

Altars:


Innate Abilities, Weirdness & Mutations

You are immune to sickness and miasma.
Your stone body is resilient. (AC +3)
You are immune to poison.
You resist negative energy. (rN+)
You are resistant to electric shocks. (rElec)
You are resistant to unholy torment.
You are immune to petrification.


Message History

The worm barely misses you. The scorpion barely misses you.
You block the scorpion's attack. The worm barely misses you.
The scorpion stings you but does no damage.
The scorpion stings you. The worm barely misses you.
The scorpion stings you but does no damage.
The scorpion stings you but does no damage.
You block the worm's attack.
The scorpion stings you but does no damage.
You block the scorpion's attack. You block the worm's attack.
The scorpion stings you but does no damage.
The scorpion stings you but does no damage.
The worm bites you but does no damage. The scorpion stings you.
You block the scorpion's attack. The worm closely misses you.
The scorpion barely misses you. The scorpion closely misses you.
The worm barely misses you.
The scorpion stings you but does no damage.
The scorpion barely misses you. The worm bites you but does no damage.
The scorpion stings you but does no damage.
The scorpion closely misses you. The worm misses you.
The scorpion stings you but does no damage.
The scorpion closely misses you. The worm completely misses you.
The scorpion stings you but does no damage.
The scorpion stings you. The worm bites you!
The scorpion stings you but does no damage.
The scorpion stings you. The worm barely misses you.
The scorpion stings you but does no damage.
The scorpion barely misses you. The worm bites you. The scorpion stings you.
The scorpion stings you but does no damage.
The worm bites you. The scorpion closely misses you.
The scorpion closely misses you. You block the worm's attack.
You block the scorpion's attack. The scorpion stings you. The worm bites you.
* * * LOW HITPOINT WARNING * * *
The scorpion stings you.
* * * LOW HITPOINT WARNING * * *
The scorpion closely misses you. The worm bites you.
You die...

......... #.#..#
#.##..... ..
#.#..# #.......#
#. #.#..#
#......)+ [.
#.#..# ........#
###.###.#..###
##....<.+
.............#
##......
######.###.##.###
........
............#.#
.......
......w@...!#.#
.......
.##.##..s##.#.#
).#.#..
........#.#.#
......
#......<......
......#
#..#.#...#.###
#######
#..#.#...#.# ...
#.#...# # ##
#.#...#


You could see a worm and a scorpion.

Vanquished Creatures
  3 bats (D:1)
  3 endoplasms (D:1)
  A giant cockroach (D:1)
  A goblin (D:1)
  2 hobgoblins (D:1)
  4 kobolds
  2 quokkas (D:1)
  2 ball pythons (D:1)
  A frilled lizard (D:2)
  2 rats (D:1)
21 creatures vanquished.

Notes
Turn   | Place    | Note
-------+----------+-------------------------------------------
     0 | D:1      | AdnanSaban the Gargoyle Fighter began the quest for the
                  | Orb.
     0 | D:1      | Reached XP level 1. HP: 14/14 MP: 1/1
    63 | D:1      | Reached XP level 2. HP: 8/19 MP: 2/2
   640 | D:1      | Reached XP level 3. HP: 23/23 MP: 3/3
   843 | D:2      | Noticed a scorpion
   897 | D:2      | Slain by a worm

Illustrated notes

Levels and vault maps discovered:
D:1:      spicycebolla_arrival_ecumenical, layout_basic, st_stairs_14
D:2:      layout_basic, minmay_misc_feat_five

Action                     || total
---------------------------++-------
  Melee: Flail             ||    63
 Armour: Scale mail        ||   126
  Dodge: Dodged            ||   114
  Block: Buckler           ||    55

Table legend: (Time is in decaauts)
 A = Elapsed time spent in this place.
 B = Non-inter-level travel time spent in this place.
 C = Inter-level travel time spent in this place.
 D = Time resting spent in this place.
 E = Time spent auto-exploring this place.
 F = Levels seen in this place.
 G = Mean time per level.
                   A        B        C        D        E       F      G
               +--------+--------+--------+--------+--------+-----+--------+
         Total |    917 |    894 |     23 |      0 |    587 |   2 |  458.5 |
       Dungeon |    917 |    894 |     23 |      0 |    587 |   2 |  458.5 |
               +--------+--------+--------+--------+--------+-----+--------+

Top non-repeatable levels by time:
     D:1: 680 daAuts
     D:2: 236 daAuts
